 Dungeon Crawl Stone Soup version 0.29-a0-506-ga2e7fffb44 (webtiles) character file.

Game seed: 4936521458057827262

33154 avis the Warrior (level 13, -21/333 (334) HPs)
             Began as an Ogre Transmuter on May 28, 2022.
             Was an Initiate of Gozag.
             Killed from afar by an ironbound thunderhulk (31 damage)
             ... with a bolt of lightning
             ... summoned by a worldbinder
             ... on level 1 of the Abyss.
             The game lasted 02:01:00 (21274 turns).

avis the Warrior (Ogre Transmuter)                 Turns: 21274, Time: 02:01:01

HP:   -21/333 (334) AC: 16    Str: 27    XL:     13   Next: 69%
MP:   19/30         EV:  8    Int: 20    God:    Gozag
Gold: 2217          SH:  0    Dex: 13    Spells: 18/38 levels left

rFire   + + .      SeeInvis .     - Unarmed
rCold   x . .      Faith    .   (shield currently unavailable)
rNeg    . . .      Spirit   .   (body armour currently unavailable)
rPois   +          Reflect  .   (helmet currently unavailable)
rElec   .          Harm     .   (cloak currently unavailable)
rCorr   .          Rampage  .   (gloves unavailable)
Will    +....                   (boots unavailable)
Stlth   ..........              y - amulet of the acrobat
HPRegen 0.00/turn               p - +4 ring of slaying
MPRegen 0.22/turn               t - +6 ring of intelligence

@: berserking (expiring), dragon-form, sick, flying, very slightly contaminated,
lightly drained, very quick
A: dragon claw, dragon scales, breathe fire, flying, boosted hp, giant,
unfitting armour, (tough skin 1), (antennae 1), no potion heal 1, [subdued magic
2]
a: Breathe Fire, End Transformation, Renounce Religion, Potion Petition, Call
Merchant, Bribe Branch


You were on level 1 of the Abyss.
You worshipped Gozag.
Gozag was most pleased with you.
You were a fearsome dragon!
You visited 3 branches of the dungeon, and saw 15 of its levels.
You visited the Abyss 1 time.

You collected 3388 gold pieces.
You paid 1171 gold pieces to Gozag.

Inventory:

Hand Weapons
 a - the +5 mace "Budwithra" (melded) {pain, rF- rN+ Str+3}
   (You found it on level 9 of the Dungeon)

   In the hands of one skilled in necromantic magic, it inflicts extra damage on
   living creatures.
   Str:       It affects your strength (+3).
   rF:        It makes you vulnerable to fire.
   rN:        It protects you from negative energy.
 w - a +5 broad axe of freezing
Missiles
 z - a throwing net
Armour
 h - a +0 robe of willpower (melded)
 o - a +2 hat (melded)
 P - a +0 cloak of poison resistance (melded)
Jewellery
 p - a +4 ring of slaying (left foreclaw)
 t - a +6 ring of intelligence (right foreclaw)
 y - an amulet of the acrobat (around neck)
 J - a ring of protection from fire
 Z - a ring of protection from cold
Wands
 e - a wand of charming (7)
 n - a wand of digging (9)
 D - a wand of iceblast (27)
 F - a wand of mindburst (16)
 R - a wand of polymorph (11)
 V - a wand of flame (10)
Scrolls
 c - a scroll of magic mapping {unknown}
 d - 3 scrolls of enchant armour {unknown}
 f - a scroll of silence {unknown}
 g - 6 scrolls of teleportation {unknown}
 i - a scroll of identify
 j - 4 scrolls of amnesia {unknown}
 l - 2 scrolls of fog {unknown}
 m - a scroll of summoning {unknown}
 u - 2 scrolls of enchant weapon {unknown}
 v - 4 scrolls of fear {unknown}
 x - 4 scrolls of immolation {unknown}
 A - a scroll of noise {unknown}
 G - a scroll of blinking {unknown}
 H - 2 scrolls of poison {unknown}
 L - 2 scrolls of torment {unknown}
Potions
 b - 2 potions of mutation
 k - 5 potions of curing
 q - 3 potions of brilliance
 r - 2 potions of magic
 s - 2 potions of resistance
 B - 2 potions of lignification
 C - 2 potions of ambrosia
 E - 2 potions of might
 M - a potion of invisibility {unknown}
 T - 3 potions of flight
 U - 4 potions of heal wounds


   Skills:
 - Level 15.0 Fighting
 - Level 3.0 Dodging
 - Level 9.0 Unarmed Combat
 * Level 13.1 Spellcasting
 - Level 11.0 Transmutations
 - Level 5.0 Ice Magic
 - Level 1.0 Earth Magic
 - Level 2.0 Poison Magic


You had 18 spell levels left.
You knew the following spells:

 Your Spells              Type           Power      Damage    Failure   Level
a - Beastly Appendage     Tmut           70%        N/A       0%          1
c - Passwall              Tmut/Erth      19%        N/A       1%          2
e - Wereblood             Tmut           35%        N/A       1%          2
g - Sting                 Tmut/Pois      96%        1d7       1%          1
p - Spider Form           Tmut/Pois      24%        N/A       1%          3
q - Ice Form              Ice/Tmut       28%        N/A       1%          4
D - Dragon Form           Tmut           17%        N/A       34%         7

Your spell library contained the following spells:

 Spells                   Type           Power      Damage    Failure   Level
 Sandblast                Erth           20%        2d7       1%          1
 Magic Dart               Conj           32%        1d4       2%          1
 Shock                    Conj/Air       32%        1d5       2%          1
 Poisonous Vapours        Pois/Air       20%        N/A       2%          2
 Searing Ray              Conj           16%        2d5       4%          2
 Sublimation of Blood     Necr           8%         N/A       4%          2
 Stone Arrow              Conj/Erth      18%        3d8       8%          3
 Swiftness                Air            8%         N/A       11%         3
 Olgreb's Toxic Radiance  Pois           13%        N/A       16%         4
 Airstrike                Air            4%         N/A       36%         4
 Cause Fear               Hex            4%         N/A       36%         4
 Dispel Undead            Necr           8%         3d8       36%         4
 Fulminant Prism          Conj/Hex       4%         3d6       36%         4
 Silence                  Hex/Air        4%         N/A       73%         5
 Dragon's Call            Summ           4%         N/A       100%        9


Dungeon Overview and Level Annotations

Branches:
Dungeon (10/15)            Temple (1/1) D:6            Lair (4/6) D:9
 Shoals (0/4) Lair:4        Snake (0/4) Lair:3          Orc (0/2) D:9

Altars:
Ashenzari
Cheibriados
Dithmenos
Elyvilon
Fedhas
Gozag
Kikubaaqudgha
Makhleb
Nemelex Xobeh
Okawaru
Qazlal
Ru
Sif Muna
Trog
Vehumet
Wu Jian
Yredelemnul
The Shining One

Shops:
D:2 (   D:4 *

Annotations:
D:10 Psyche


Innate Abilities, Weirdness & Mutations

You are a fearsome dragon!
You have a powerful clawing attack.
Your giant scaled body is strong and resiliant, but less evasive.
You can breathe fire.
You are flying.
Your maximum health is greatly increased.
Your armour is entirely melded.
You are incapable of wielding weapons or throwing items.
You are too large for most types of armour.
((You have tough skin. (AC +1)))
((You have a pair of small antennae on your head.))
Potions are less effective at restoring your health.
[Your spells are easier to cast, but less powerful.]


Message History

You hear a bark!
You hear a shout!
You closely miss the sixfirhy.
Your tail-slap misses the sixfirhy.
You barely miss the sixfirhy.
You maul the sixfirhy!!!
You kill the sixfirhy!
That felt strangely unrewarding.
A raiju comes into view.
A raiju comes into view.
The raiju barks!
The thrashing horror tramples you but does no damage.
The thrashing horror misses you.
A worldbinder comes into view.
You see here a raiju corpse.
You maul the thrashing horror!!!!
You destroy the thrashing horror!
That felt strangely unrewarding.
The worldbinder calls forth creatures from the Vaults!
A cacodemon comes into view.
A bone dragon comes into view.
The ironbound thunderhulk shouts!
The vault sentinel shouts!
A sixfirhy comes into view.
You maul the raiju!!!
You kill the raiju!
That felt strangely unrewarding.
The vault sentinel blows a loud note on a signal horn!
Electricity crackles from the ironbound thunderhulk's apparatus.
The bolt of lightning misses you.
A quicksilver dragon simulacrum comes into view.
You bite the cacodemon!! You bite the cacodemon!
The cacodemon is moderately wounded.
The cacodemon hits you but does no damage.
The cacodemon hits you!
* * * LOW HITPOINT WARNING * * *
Electricity crackles from the ironbound thunderhulk's apparatus.
The bolt of lightning hits you!!
* * * LOW HITPOINT WARNING * * *
Electricity crackles from the ironbound thunderhulk's apparatus.
The bolt of lightning hits you!!
You die...
Your body crumbles into a pile of gold.

.... .. ... p.#
.. ... .O# #.#
##D## #x##
...###...###hO.##
...#.....#..3..#
.
..........2hZ....
#.. #....D# #..
##...## ##.#
##†## ## .
###...## . . .
...#.....#..
................
. .#.
#...###....#. .
...#... #####
####....#. # . ..


You could see a bone dragon, a cacodemon, 2 ironbound thunderhulks, a vault
sentinel (summoned, catching breath), a worldbinder, a sixfirhy, 2 raiju and a
quicksilver dragon simulacrum.

Vanquished Creatures
  A tentacled starspawn (Abyss:1)
  A black draconian (Abyss:1)
  3 hydras
  Harold (D:10)
  A boulder beetle (Lair:3)
  An ogre mage (D:9)
  Erica (D:8)
  A thrashing horror (Abyss:1)
  7 two-headed ogres
  Amaemon (D:8)
  A spatial maelstrom (Abyss:1)
  A wretched star (Abyss:1)
  A sixfirhy (Abyss:1)
  An anaconda zombie (Abyss:1)
  A lindwurm (Lair:1)
  Maurice (D:8)
  A smoke demon (Abyss:1)
  6 black mambas
  An orange demon (D:8)
  Joseph (D:7)
  A guardian serpent (Lair:3)
  An apocalypse crab (Abyss:1)
  5 cane toads
  2 large abominations (Abyss:1)
  3 komodo dragons
  An ancient zyme (Abyss:1)
  3 hornets (D:9)
  Grinder (D:5)
  Prince Ribbit (Lair:3)
  10 blink frogs
  A slime creature (D:8)
  5 raiju (Abyss:1)
  A ynoxinul (Abyss:1)
  A shadow (Abyss:1)
  4 wyverns
  26 yaks
  5 basilisks
  A wraith (D:8)
  6 steam dragons
  Grum (D:8)
  A vampire mosquito (D:8)
  3 nagas (Lair:3)
  A two-headed ogre zombie (D:9)
  2 acid dragons
  15 water moccasins
  2 ice beasts
  3 orc warriors
  2 sky beasts
  2 black bears
  17 ogres
  8 wolves
  2 small abominations (Abyss:1)
  4 centaurs
  A kobold brigand (D:8)
  A phantom (D:3)
  14 bullfrogs
  4 necrophages
  3 scorpions
  10 wights
  21 killer bees
  An electric eel (D:9)
  2 howler monkeys (D:8)
  7 jellies
  A gnoll shaman (D:7)
  5 orc priests
  2 hounds
  2 iron imps (Abyss:1)
  2 iguanas
  Natasha (D:4)
  13 orc wizards
  Robin (D:3)
  9 gnolls
  8 adders
  2 shadow imps (D:6)
  4 white imps
  3 ufetubi
  A worm (D:4)
  4 dart slugs
  39 orcs
  4 ball pythons
  7 bats
  7 endoplasms
  6 giant cockroaches
  16 goblins
  8 hobgoblins
  6 quokkas
  4 frilled lizards
  4 kobolds
  7 rats
404 creatures vanquished.

Vanquished Creatures (others)
  2 orcs
  10 fungi
  60 plants
  2 starspawn tentacles (Abyss:1)
  A withered plant (D:6)
75 creatures vanquished.

Grand Total: 479 creatures vanquished

Notes
Turn   | Place    | Note
-------+----------+-------------------------------------------
     0 | D:1      | avis the Ogre Transmuter began the quest for the Orb.
     0 | D:1      | Reached XP level 1. HP: 19/19 MP: 3/3
    99 | D:1      | Reached skill level 2 in Fighting
   139 | D:1      | Reached XP level 2. HP: 21/29 MP: 3/5
   250 | D:1      | Reached skill level 3 in Fighting
  1230 | D:1      | Reached XP level 3. HP: 39/39 MP: 4/6
  1268 | D:2      | Reached skill level 4 in Fighting
  1351 | D:2      | Found Kylurch's Weapon Shoppe.
  1401 | D:2      | Found a faded altar of an unknown god.
  1507 | D:2      | Learned a level 3 spell: Spider Form
  2289 | D:3      | Noticed a wight
  2326 | D:3      | Killed a wight
  2327 | D:3      | Reached skill level 5 in Fighting
  2327 | D:3      | Reached skill level 1 in Poison Magic
  2327 | D:3      | Reached XP level 4. HP: 16/50 MP: 4/7
  2578 | D:2      | Reached XP level 5. HP: 23/57 MP: 5/9
  2863 | D:2      | Learned a level 4 spell: Ice Form
  3068 | D:3      | Reached skill level 6 in Fighting
  3068 | D:3      | Reached XP level 6. HP: 62/67 MP: 3/10
  3394 | D:3      | Reached XP level 7. HP: 43/75 MP: 7/13
  3396 | D:3      | Noticed Robin
  3403 | D:3      | Killed Robin
  3953 | D:3      | Reached skill level 1 in Ice Magic
  4521 | D:4      | Reached XP level 8. HP: 80/83 MP: 11/14
  4583 | D:4      | Found Vaul's Elemental Accessories.
  4583 | D:4      | Noticed Natasha
  4594 | D:4      | Killed Natasha
  4677 | D:4      | Reached skill level 7 in Fighting
  5227 | D:4      | Found a sparkling altar of Nemelex Xobeh.
  5315 | D:5      | Entered Level 5 of the Dungeon
  5418 | D:4      | Reached skill level 8 in Fighting
  5918 | D:5      | Reached skill level 9 in Fighting
  6011 | D:5      | Found an ornate altar of the Wu Jian Council.
  6312 | D:5      | Noticed Grinder
  6316 | D:5      | Paralysed by Grinder for 3 turns
  6323 | D:5      | Paralysed by Grinder for 4 turns
  6334 | D:5      | Killed Grinder
  6335 | D:5      | Reached skill level 5 in Unarmed Combat
  6335 | D:5      | Reached XP level 9. HP: 26/101 MP: 5/15
  6826 | D:6      | Reached skill level 10 in Fighting
  6829 | D:6      | Learned a level 2 spell: Passwall
  6832 | D:6      | Learned a level 2 spell: Wereblood
  6834 | D:6      | Learned a level 1 spell: Sting
  6879 | D:6      | Found a burning altar of Makhleb.
  6998 | D:6      | Found a staircase to the Ecumenical Temple.
  7036 | Temple   | Entered the Ecumenical Temple
  7267 | Temple   | Became a worshipper of Gozag Ym Sagoz the Greedy
  7805 | D:6      | Reached skill level 1 in Earth Magic
  8078 | D:6      | Found an ancient bone altar of Kikubaaqudgha.
  8266 | D:7      | Reached skill level 5 in Transmutations
  8380 | D:7      | Reached skill level 11 in Fighting
  8388 | D:7      | Reached skill level 5 in Spellcasting
  8818 | D:7      | Noticed Joseph
  8835 | D:7      | Killed Joseph
  8836 | D:7      | Reached skill level 12 in Fighting
  8836 | D:7      | Reached XP level 10. HP: 104/115 MP: 14/17
  9650 | D:8      | Noticed Erica
  9797 | D:8      | Killed Erica
  9798 | D:8      | Reached skill level 5 in Ice Magic
 10180 | D:8      | Noticed Maurice
 10221 | D:8      | Killed Maurice
 10222 | D:8      | Reached skill level 13 in Fighting
 10331 | D:8      | Reached XP level 11. HP: 44/127 MP: 14/18
 10669 | D:8      | Noticed Grum
 10669 | D:8      | Noticed Amaemon
 10724 | D:8      | Reached skill level 14 in Fighting
 10798 | D:7      | Learned a level 7 spell: Dragon Form
 10805 | D:8      | Killed Grum
 10867 | D:8      | Killed Amaemon
 11125 | D:8      | Got the Volume of Twisted Weightlessness
 11746 | D:9      | Found a staircase to the Lair.
 12117 | D:9      | Reached skill level 15 in Fighting
 12549 | D:9      | Identified the +5 mace "Budwithra" {pain, rF- rN+ Str+3}
 12588 | D:9      | Found a staircase to the Orcish Mines.
 12781 | D:9      | Found a shimmering blue altar of Sif Muna.
 12951 | D:9      | Noticed a two-headed ogre
 12952 | D:9      | Noticed a two-headed ogre
 12958 | D:9      | Noticed a two-headed ogre
 12959 | D:9      | Killed a two-headed ogre
 12965 | D:9      | Killed a two-headed ogre
 12969 | D:9      | Killed a two-headed ogre
 13300 | D:9      | Noticed a two-headed ogre
 13300 | D:9      | Noticed a two-headed ogre
 13302 | D:9      | Noticed an ogre mage
 13308 | D:9      | Noticed a two-headed ogre
 13311 | D:9      | Killed a two-headed ogre
 13312 | D:9      | Reached XP level 12. HP: 141/141 MP: 15/19
 13313 | D:9      | Killed a two-headed ogre
 13323 | D:9      | Killed a two-headed ogre
 13327 | D:9      | Killed an ogre mage
 13547 | Lair:1   | Entered Level 1 of the Lair of Beasts
 13725 | Lair:1   | Reached skill level 10 in Transmutations
 15087 | Lair:2   | Noticed a seven-headed hydra
 15093 | Lair:2   | Killed a seven-headed hydra
 15731 | Lair:2   | Reached skill level 10 in Spellcasting
 16105 | Lair:2   | Noticed a four-headed hydra
 16114 | Lair:2   | Killed a four-headed hydra
 16115 | Lair:2   | Reached XP level 13. HP: 140/149 MP: 27/27
 17049 | Lair:3   | Found a staircase to the Snake Pit.
 17269 | Lair:3   | Noticed Prince Ribbit
 17282 | Lair:3   | Killed Prince Ribbit
 17904 | Lair:3   | Found the +3 pair of seven-league boots {Rampage+∞}
 19083 | Lair:3   | Gained mutation: Your body sometimes deteriorates upon
                  | taking damage. [mutagenic glow]
 19511 | Lair:4   | Found a staircase to the Shoals.
 20284 | Lair:1   | Lost mutation: Your body sometimes deteriorates upon taking
                  | damage. [potion of mutation]
 20284 | Lair:1   | Gained mutation: You have a pair of small antennae on your
                  | head. [potion of mutation]
 20343 | D:10     | Entered Level 10 of the Dungeon
 20690 | D:10     | Noticed Harold
 20704 | D:10     | Killed Harold
 20892 | D:10     | Noticed Psyche
 20905 | D:10     | Cast into level 1 of the Abyss (Psyche)
 20905 | Abyss:1  | Found a corrupted altar of Lugonu.
 20910 | Abyss:1  | Noticed a tentacled starspawn
 20916 | Abyss:1  | Killed a tentacled starspawn
 20982 | Abyss:1  | Found a corrupted altar of Lugonu.
 21010 | Abyss:1  | Gained mutation: Potions are less effective at restoring
                  | your health. [mutagenic glow]
 21030 | Abyss:1  | HP: 3/266 [rock wall collision (17)]
 21209 | Abyss:1  | Noticed a black draconian
 21221 | Abyss:1  | Killed a black draconian
 21270 | Abyss:1  | Noticed a cacodemon
 21271 | Abyss:1  | Noticed an ironbound thunderhulk
 21271 | Abyss:1  | Noticed an ironbound thunderhulk
 21271 | Abyss:1  | Noticed a bone dragon
 21274 | Abyss:1  | HP: 10/333 [ironbound thunderhulk/bolt of lightning[a
                  | worldbinder] (21)]
 21274 | Abyss:1  | Killed from afar by an ironbound thunderhulk

Illustrated notes

Levels and vault maps discovered:
D:1:      elethiomel_arrival_fortress_basement, layout_loops_cross,
          chequers_jeans, grunt_decor_clamped, minmay_misc_feat_tower
D:2:      layout_loops_ring, serial_shops, nicolae_shop_bloodbath_and_beyond,
          hellmonk_ecumenical_altar_run_dry, corexii_item_surrounded_by_moat
D:3:      layout_basic, uniq_robin
D:4:      layout_basic, nemelex_diamond_rough_becter, nicolae_elemental_shop,
          uniq_natasha
D:5:      layout_gridville, serial_glass, glass_columns_c, glass_columns_b,
          glass_columns_a, glass_columns_c, glass_columns_b, glass_columns_a,
          kennysheep_diamond, uniq_grinder
D:6:      layout_cave_pods, kiku_gazebo_garden_becter, lemuel_doored_altar,
          lemuel_temple_firewalk_b
D:7:      layout_basic, chequers_arboretum, minmay_diced_spiral, uniq_joseph
D:8:      nzn_winding_woodlands_small [nzn_winding_woodlands_5x15_sawtooth,
          nzn_winding_woodlands_center_garden,
          nzn_winding_woodlands_5x15_sidewinder], layout_basic, nicolae_sextant,
          kennysheep_generic_room_12, uniq_erica, uniq_grum, uniq_maurice,
          uniq_amaemon
D:9:      lemuel_ogre_cave, layout_irregular_city, kennysheep_orc_sif_temple,
          lair_entry_dummy
D:10:     layout_irregular_city, zin_treasury, gammafunk_temple_overflow_claw,
          ebering_dispersal_statue_hall, uniq_psyche, uniq_harold
Temple:   eino_temple_water
Lair:1:   layout_roguey, guppyfry_lair_drakes
Lair:2:   layout_big_grid, serial_forest, infiniplex_forest_clump_long,
          infiniplex_forest_lined_corner, infiniplex_forest_clump_large,
          infiniplex_forest_lined_corner, infiniplex_forest_straight_4,
          infiniplex_forest_clump_small, infiniplex_forest_end_2,
          infiniplex_forest_clump_tiny, infiniplex_forest_lined_2, st_stairs_5,
          chequers_serial_rivers_micro_e, serial_bayou_pond_d,
          nicolae_lair_grove_arrangements, grunt_megastairs_1
Lair:3:   layout_chaotic_city, guppyfry_snake_entry_island,
          chequers_serial_rivers_room_b,
          hellmonk_guarded_unrand_seven_league_boots, grunt_megastairs_5,
          uniq_prince_ribbit2
Lair:4:   layout_regular_city, elwin_shoals_entry_rocks
Abyss:1:  base: D:9, minivault_5

Skill      XL: |  1  2  3  4  5  6  7  8  9 10 11 12 13 |
---------------+----------------------------------------+-----
Fighting       | 2 3 5 6 9 12 13 15 | 15.0
Transmutations | 2 3 4 5 8 10 11 | 11.0
Poison Magic   | 1 2 |  2.0
Unarmed Combat | 3 5 6 8 9 |  9.0
Spellcasting   | 3 4 5 10 13 | 13.1
Dodging        | 2 3 |  3.0
Ice Magic      | 4 5 |  5.0
Earth Magic    | 1 |  1.0

Action                   |  1- 3 |  4- 6 |  7- 9 | 10-12 | 13-15 || total
-------------------------+-------+-------+-------+-------+-------++-------
Melee: Unarmed           |   107 |    57 |   284 |   386 |   238 ||  1072
       Kick              |    27 |     2 |       |     1 |       ||    30
       Headbutt          |    13 |     4 |       |     2 |       ||    19
       Punch             |     3 |       |       |     1 |     2 ||     6
       Mace              |       |       |       |     3 |       ||     3
       Tailslap          |       |       |       |       |     9 ||     9
       Bite              |       |       |       |       |     3 ||     3
 Cast: Beastly Appendage |    32 |     3 |     2 |     1 |       ||    38
       Spider Form       |     4 |     7 |    52 |     4 |       ||    67
       Ice Form          |       |     1 |     3 |    45 |    27 ||    76
       Passwall          |       |       |       |     3 |       ||     3
       Dragon Form       |       |       |       |       |    11 ||    11
Invok: Potion Petition   |       |       |       |       |     5 ||     5
 Abil: End Transformatio |       |       |       |     2 |     1 ||     3
       Breathe Fire      |       |       |       |       |     8 ||     8
  Use: Potion            |       |       |     1 |     6 |     3 ||    10
       Scroll            |       |       |       |     7 |     3 ||    10
 Stab: Sleeping          |       |       |     3 |     1 |       ||     4
       Distracted        |       |       |       |     1 |     1 ||     2
       Petrifying        |       |       |       |       |     1 ||     1
       Petrified         |       |       |       |       |     1 ||     1
Armor: Robe              |    23 |     1 |     4 |     6 |     1 ||    35
       Skin              |       |     2 |    13 |   101 |    82 ||   198
Dodge: Dodged            |    47 |    37 |   256 |   180 |   111 ||   631

Table legend: (Time is in decaauts)
 A = Elapsed time spent in this place.
 B = Non-inter-level travel time spent in this place.
 C = Inter-level travel time spent in this place.
 D = Time resting spent in this place.
 E = Time spent auto-exploring this place.
 F = Levels seen in this place.
 G = Mean time per level.
                   A        B        C        D        E       F      G
               +--------+--------+--------+--------+--------+-----+--------+
         Total |  21171 |  19481 |   1690 |   6898 |   7930 |  16 | 1323.2 |
       Dungeon |  14048 |  12819 |   1229 |   4602 |   4908 |  10 | 1404.8 |
        Temple |    263 |    221 |     42 |      0 |    193 |   1 |  263.0 |
          Lair |   6499 |   6081 |    418 |   2161 |   2829 |   4 | 1624.8 |
         Abyss |    360 |    360 |      0 |    135 |      0 |   1 |  360.0 |
               +--------+--------+--------+--------+--------+-----+--------+

Top non-repeatable levels by time:
  Lair:3: 2358 daAuts
     D:8: 2195 daAuts
  Lair:2: 2010 daAuts
     D:2: 1667 daAuts
     D:9: 1662 daAuts
     D:7: 1596 daAuts
     D:3: 1530 daAuts
     D:5: 1305 daAuts
     D:6: 1275 daAuts
     D:1: 1249 daAuts
  Lair:1: 1216 daAuts
     D:4: 1093 daAuts
  Lair:4: 913 daAuts
    D:10: 472 daAuts
 Abyss:1: 360 daAuts
